Atomiques vs Influenza
(R2)
Created - 12 janvier 2017 at 06:54
Goals
|
| Atomiques |
0 |
0 |
1 |
1 |
| Influenza |
1 |
2 |
1 |
4 |
|
Shots
|
| Atomiques |
9 |
12 |
13 |
34 |
| Influenza |
6 |
17 |
11 |
34 |
|
1st period
1. Influenza , Martins Karsums 12 (Robbie Earl, Evgeny Grachev) at 13:44 (PP)
Penalties :
Shawn Belle (STB) for Slashing (Minor) at 3:57, Dwight King (STB) for Interference (Minor) at 9:40, Matt Corrente (VJB) for Diving (Minor) at 10:44, Alex Berry (STB) for Hooking (Minor) at 13:08, Robbie Earl (VJB) for Hooking (Minor) at 14:14
2nd period
2. Influenza , Ryan Russell 5 (Mark Scheifele, Corey Tropp) at 9:44
3. Influenza , Matt Corrente 6 (Ryan Russell, Oskars Bartulis) at 17:58
Penalties :
Mikael Backlund (STB) for Hooking (Minor) at 6:31, Matt Corrente (VJB) for Slashing (Double Minor) at 13:41
3rd period
4. Atomiques , Ryan Shannon 27 (Tyler Brenner, Eric Mestery) at 6:30
5. Influenza , Evgeny Grachev 19 (Jeff May, Martins Karsums) at 13:38
Penalties :
Ryan Russell (VJB) for Interference (Minor) at 1:17, Branko Radivojevic (STB) for Hooking (Minor) at 15:10
Goalie Stats
Sergei Bobrovsky (STB), 30 saves from 34 shots - (0,882), L, 14-11-2, 60:00 minutes
Thomas McCollum (VJB), 33 saves from 34 shots - (0,971), W, 16-7-1, 60:00 minutes
Players Stats for Atomiques
Player Name G A P +/- PIM S H SB GA TA FO MP PP MP PK MP
------------------------------------------------------------------------------------
Alex Berry 0 0 0 0 2 0 0 0 0 0 1/2 11:05 0:52 1:48
Alexander Sulzer 0 0 0 -2 0 3 3 1 0 3 0/0 27:11 4:58 4:32
Andrew Kozek 0 0 0 0 0 0 0 1 1 0 0/0 8:32 0:44 0:51
Bobby Farnham 0 0 0 -3 0 0 1 0 0 0 0/0 6:44 0:00 0:00
Branko Radivojevic 0 0 0 0 2 8 0 0 1 0 4/7 23:41 4:25 3:01
Brett Sutter 0 0 0 0 0 2 4 1 0 0 1/3 11:34 0:12 0:46
Davis Drewiske 0 0 0 -1 0 0 0 3 0 1 0/0 19:23 3:26 3:09
Dmitri Orlov 0 0 0 1 0 2 0 2 1 0 0/0 13:42 0:37 0:12
Dwight King 0 0 0 0 2 1 1 0 1 2 0/2 16:48 4:36 0:19
Eric Mestery 0 1 1 1 0 2 0 1 0 0 0/0 13:48 0:37 0:58
John McCarthy 0 0 0 -3 0 1 1 0 0 0 0/0 6:44 0:00 0:00
Kenndal McArdle 0 0 0 1 0 2 0 0 0 0 0/0 18:47 3:29 2:31
Marc-André Cliche 0 0 0 -3 0 2 1 0 1 1 2/6 9:03 1:14 0:16
Mikael Backlund 0 0 0 0 2 3 0 0 2 0 19/28 17:09 4:33 0:00
Roman Polak 0 0 0 -1 0 0 2 2 0 2 0/0 19:49 3:26 2:55
Ryan Shannon 1 0 1 1 0 5 6 0 1 1 0/1 18:02 3:29 1:46
Shawn Belle 0 0 0 -2 2 0 2 1 0 0 0/0 26:30 4:58 3:28
Tyler Brenner 0 1 1 1 0 3 1 0 0 2 4/12 22:51 3:29 3:56
Players Stats for Influenza
Player Name G A P +/- PIM S H SB GA TA FO MP PP MP PK MP
------------------------------------------------------------------------------------
Andreas Engqvist 0 0 0 0 0 0 0 0 0 0 0/0 0:17 0:02 0:00
Ben Smith 0 0 0 0 0 2 1 1 2 1 0/0 20:08 4:15 2:37
Brian Salcido 0 0 0 0 0 0 0 0 0 0 0/0 7:31 0:43 1:19
Carl Gunnarsson 0 0 0 1 0 1 0 2 0 0 0/0 20:26 3:37 2:42
Charlie Coyle 0 0 0 0 0 4 0 0 0 0 1/2 8:33 0:00 0:00
Colin McDonald 0 0 0 1 0 0 0 0 0 0 0/0 2:32 0:00 1:51
Corey Tropp 0 1 1 0 0 2 1 0 0 0 0/1 10:16 0:00 0:00
Evgeny Grachev 1 1 2 1 0 1 0 0 1 0 4/11 12:53 3:20 0:00
Iiro Pakarinen 0 0 0 0 0 0 0 0 0 0 0/0 0:17 0:02 0:00
Jacob Josefson 0 0 0 0 0 0 0 0 0 0 0/0 0:00 0:00 0:00
Jamie Benn 0 0 0 0 0 3 2 0 2 0 4/9 22:24 4:15 4:13
Jeff May 0 1 1 1 0 1 1 4 0 2 0/0 21:09 3:37 3:25
Jeremy Morin 0 0 0 0 0 6 0 0 0 0 0/0 8:33 0:00 0:00
Jordan Schroeder 0 0 0 0 0 0 0 0 0 0 0/0 0:17 0:02 0:00
Mark Scheifele 0 1 1 0 0 0 0 0 0 0 3/4 11:06 0:00 0:50
Martins Karsums 1 1 2 1 0 2 2 0 2 0 0/0 12:53 3:20 0:00
Mathieu Carle 0 0 0 0 0 2 3 2 1 2 0/0 27:35 4:00 5:25
Matt Corrente 1 0 1 1 6 2 3 2 1 1 0/0 15:44 2:36 1:35
Oskars Bartulis 0 1 1 2 0 0 2 0 0 0 0/0 8:53 0:00 2:27
Robbie Earl 0 1 1 1 2 1 2 0 0 0 0/0 17:02 3:20 3:20
Ryan Carter 0 0 0 0 0 2 2 0 2 0 18/34 20:08 4:15 2:37
Ryan Russell 1 1 2 1 2 2 2 0 0 1 0/0 12:52 0:00 1:58
T.J Brodie 0 0 0 -1 0 0 0 1 0 0 0/0 4:39 0:00 0:00
T.J Galiardi 0 0 0 0 0 2 0 0 0 0 0/0 9:32 0:00 0:36
Tim Erixon 0 0 0 1 0 1 1 1 1 1 0/0 14:20 0:40 1:09
3 Stars
1 - Thomas McCollum (VJB)
2 - Ryan Shannon (STB)
3 - Martins Karsums (VJB)
Power Play
Atomiques - 0 on 5 Attempt(s) - 0,00%
Influenza - 1 on 5 Attempt(s) - 20,00%
Penalty Kill
Atomiques - 4 on 5 Attempt(s) - 80,00%
- Score 0 goal in Penalty Kill
Influenza - 5 on 5 Attempt(s) - 100,00%
- Score 0 goal in Penalty Kill
Team Stat
Atomiques - Hits : 22 - Faceoff Wins : 31 - Blocked Shots : 12 - Penalty Minutes : 10
Influenza - Hits : 22 - Faceoff Wins : 30 - Blocked Shots : 13 - Penalty Minutes : 10
Official
Referees : Leggo Mike and Ciamaga Chris
Linesman : Mark Shewchyk and Tim Nowak
Game Notes
6:27 of 2nd period - Influenza goal is going for a video replay. After video review, No Goal. The puck has been kicked using a distinct kicking motion.
Matt Corrente is injured at 1:34 of 3rd period (Bruised Right Arm)
Andrew Kozek is injured at 7:04 of 3rd period (Right Hip)
Finance
Level 1 -- Attendance: 1351 (67,55%) -- Ticket Income 54 040 $
Level 2 -- Attendance: 735 (73,50%) -- Ticket Income 14 700 $
Total Attendance: 2086 (69,53%)
Total Ticket Income: 68 740 $
Other Income: 3 437 $
Total Income: 72 177 $
Atomiques
5 vs 5 Forward
Center Left Wing Right Wing Time % Phy DF OF
1 Mikael Backlund Dwight King Branko Radivojevic 40 1 2 2
2 Tyler Brenner Kenndal McArdle Ryan Shannon 30 1 2 2
3 Brett Sutter Andrew Kozek Alex Berry 20 1 2 2
4 Marc-André Cliche John McCarthy Bobby Farnham 10 1 2 2
5 vs 5 Defense
Defense Defense Time % Phy DF OF
1 Alexander Sulzer Shawn Belle 40 1 2 2
2 Davis Drewiske Roman Polak 30 1 2 2
3 Dmitri Orlov Eric Mestery 20 1 2 2
4 Alexander Sulzer Shawn Belle 10 1 2 2
PowerPlay Forward
Center Left Wing Right Wing Time % Phy DF OF
1 Mikael Backlund Dwight King Branko Radivojevic 60 1 2 2
2 Tyler Brenner Kenndal McArdle Ryan Shannon 40 1 2 2
PowerPlay Defense
Defense Defense Time % Phy DF OF
1 Alexander Sulzer Shawn Belle 60 1 2 2
2 Davis Drewiske Roman Polak 40 1 2 2
Penalty Kill 4 Players Forward
Center Wing Time % Phy DF OF
1 Branko Radivojevic Tyler Brenner 60 1 2 2
2 Ryan Shannon Kenndal McArdle 40 1 2 2
Penalty Kill 4 Players Defense
Defense Defense Time % Phy DF OF
1 Alexander Sulzer Shawn Belle 60 1 2 2
2 Davis Drewiske Roman Polak 40 1 2 2
Penalty Kill - 3 Players Forward
Forward Time % Phy DF OF
1 Branko Radivojevic 60 1 2 2
2 Tyler Brenner 40 1 2 2
Penalty Kill - 3 Players Defense
Defense Defense Time % Phy DF OF
1 Alexander Sulzer Shawn Belle 60 1 2 2
2 Davis Drewiske Roman Polak 40 1 2 2
4 vs 4 Forward
Center Wing Time % Phy DF OF
1 Branko Radivojevic Tyler Brenner 60 1 2 2
2 Ryan Shannon Kenndal McArdle 40 1 2 2
4 vs 4 Defense
Defense Defense Time % Phy DF OF
1 Alexander Sulzer Shawn Belle 60 1 2 2
2 Davis Drewiske Roman Polak 40 1 2 2
Last Minutes Offensive
Center Left Wing Right Wing Defense Defense
Tyler Brenner Kenndal McArdle Branko Radivojevic Alexander Sulzer Shawn Belle
Last Minutes Defensive
Center Left Wing Right Wing Defense Defense
Tyler Brenner Kenndal McArdle Branko Radivojevic Alexander Sulzer Shawn Belle
Goaltenders
Starting : Sergei Bobrovsky
Backup : Jeremy Smith
Extra Forwards
Normal : Branko Radivojevic, Marc-André Cliche, Alex Berry - PP : Branko Radivojevic, Marc-André Cliche - PK : Alex Berry
Extra Defensemen
Normal : Dmitri Orlov, Eric Mestery, Davis Drewiske - PP : Dmitri Orlov - PK : Eric Mestery, Davis Drewiske
Penalty Shots
Branko Radivojevic, Tyler Brenner, Ryan Shannon, Kenndal McArdle, Brett Sutter
Influenza
5 vs 5 Forward
Center Left Wing Right Wing Time % Phy DF OF
1 Ryan Carter Jamie Benn Ben Smith 40 1 2 2
2 Evgeny Grachev Robbie Earl Martins Karsums 30 1 2 2
3 Charlie Coyle T.J Galiardi Jeremy Morin 20 1 2 2
4 Mark Scheifele Ryan Russell Corey Tropp 10 1 2 2
5 vs 5 Defense
Defense Defense Time % Phy DF OF
1 Mathieu Carle Matt Corrente 40 1 2 2
2 Carl Gunnarsson Jeff May 30 1 2 2
3 Tim Erixon Oskars Bartulis 20 1 2 2
4 Brian Salcido T.J Brodie 10 1 2 2
PowerPlay Forward
Center Left Wing Right Wing Time % Phy DF OF
1 Ryan Carter Jamie Benn Ben Smith 60 1 2 2
2 Evgeny Grachev Robbie Earl Martins Karsums 40 1 2 2
PowerPlay Defense
Defense Defense Time % Phy DF OF
1 Mathieu Carle Matt Corrente 60 1 2 2
2 Carl Gunnarsson Jeff May 40 1 2 2
Penalty Kill 4 Players Forward
Center Wing Time % Phy DF OF
1 Jamie Benn Robbie Earl 60 1 2 2
2 Ryan Carter Ben Smith 40 1 2 2
Penalty Kill 4 Players Defense
Defense Defense Time % Phy DF OF
1 Mathieu Carle Matt Corrente 60 1 2 2
2 Carl Gunnarsson Jeff May 40 1 2 2
Penalty Kill - 3 Players Forward
Forward Time % Phy DF OF
1 Jamie Benn 60 1 2 2
2 Robbie Earl 40 1 2 2
Penalty Kill - 3 Players Defense
Defense Defense Time % Phy DF OF
1 Mathieu Carle Matt Corrente 60 1 2 2
2 Carl Gunnarsson Jeff May 40 1 2 2
4 vs 4 Forward
Center Wing Time % Phy DF OF
1 Jamie Benn Robbie Earl 60 1 2 2
2 Ryan Carter Ben Smith 40 1 2 2
4 vs 4 Defense
Defense Defense Time % Phy DF OF
1 Mathieu Carle Matt Corrente 60 1 2 2
2 Carl Gunnarsson Jeff May 40 1 2 2
Last Minutes Offensive
Center Left Wing Right Wing Defense Defense
Ryan Carter Jamie Benn Ben Smith Mathieu Carle Matt Corrente
Last Minutes Defensive
Center Left Wing Right Wing Defense Defense
Ryan Carter Jamie Benn Ben Smith Mathieu Carle Matt Corrente
Goaltenders
Starting : Thomas McCollum
Backup : Olivier Roy
Extra Forwards
Normal : Andreas Engqvist, Jordan Schroeder, Colin McDonald - PP : Andreas Engqvist, Jordan Schroeder - PK : Colin McDonald
Extra Defensemen
Normal : Tim Erixon, Oskars Bartulis, Brian Salcido - PP : Tim Erixon - PK : Oskars Bartulis, Brian Salcido
Penalty Shots
Jamie Benn, Robbie Earl, Ryan Carter, Ben Smith, Martins Karsums
% Time on Ice - Atomiques
Lines # - Real PCT - Wanted PCT - Time Play
Normal Forward
1 - 35% - 40% - 14:47
2 - 29% - 30% - 12:30
3 - 20% - 20% - 8:26
4 - 16% - 10% - 6:44
Normal Defense
1 - 41% - 40% - 17:26
2 - 28% - 30% - 12:04
3 - 29% - 20% - 12:12
4 - 2% - 10% - 0:45
PP Forward
1 - 61% - 60% - 5:32
2 - 39% - 40% - 3:29
PP Defense
1 - 62% - 60% - 5:35
2 - 38% - 40% - 3:26
PK Forward
1 - 77% - 60% - 5:51
2 - 23% - 40% - 1:46
PK Defense
1 - 62% - 60% - 4:44
2 - 38% - 40% - 2:53
PK3 Forward
1 - 0% - 60%
2 - 0% - 40%
PK3 Defense
1 - 0% - 60%
2 - 0% - 40%
44 Forward
1 - 69% - 60% - 0:38
2 - 31% - 40% - 0:17
44 Defense
1 - 20% - 60% - 0:11
2 - 80% - 40% - 0:44
Last Minute Offensive - 0:00
Last Minute Defensive - 0:00
Total
Forward - 60:00
Defense - 60:00
|
% Time on Ice - Influenza
Lines # - Real PCT - Wanted PCT - Time Play
Normal Forward
1 - 33% - 40% - 14:05
2 - 22% - 30% - 9:33
3 - 20% - 20% - 8:33
4 - 24% - 10% - 10:16
Normal Defense
1 - 42% - 40% - 17:49
2 - 33% - 30% - 13:51
3 - 14% - 20% - 6:08
4 - 11% - 10% - 4:39
PP Forward
1 - 56% - 60% - 4:17
2 - 44% - 40% - 3:20
PP Defense
1 - 53% - 60% - 4:00
2 - 47% - 40% - 3:37
PK Forward
1 - 71% - 60% - 6:24
2 - 29% - 40% - 2:37
PK Defense
1 - 70% - 60% - 6:19
2 - 30% - 40% - 2:42
PK3 Forward
1 - 0% - 60%
2 - 0% - 40%
PK3 Defense
1 - 0% - 60%
2 - 0% - 40%
44 Forward
1 - 85% - 60% - 0:47
2 - 15% - 40% - 0:08
44 Defense
1 - 71% - 60% - 0:39
2 - 29% - 40% - 0:16
Last Minute Offensive - 0:00
Last Minute Defensive - 0:00
Total
Forward - 60:00
Defense - 60:00
|
Play by Play
1st period
0:01 of 1st period - Mikael Backlund wins face-off versus Ryan Carter in neutral zone.
0:49 of 1st period - Carl Gunnarsson is hit by Tyler Brenner and loses puck.
2:43 of 1st period - Slapshot by Ryan Russell.
2:43 of 1st period - Stopped by Sergei Bobrovsky with a rebound.
2:45 of 1st period - Slapshot by Mathieu Carle.
2:45 of 1st period - Deflect By Alexander Sulzer.
2:45 of 1st period - Stopped by Sergei Bobrovsky without a rebound.
2:46 of 1st period - Mikael Backlund wins face-off versus Jamie Benn in Atomiques zone.
2:53 of 1st period - Snap shot by Branko Radivojevic.
2:53 of 1st period - Stopped by Thomas McCollum without a rebound.
2:54 of 1st period - Mikael Backlund wins face-off versus Ryan Carter in Influenza zone.
3:07 of 1st period - Dwight King is hit by Ryan Carter and loses puck.
3:12 of 1st period - Snap shot by Ryan Carter.
3:12 of 1st period - Deflect By Davis Drewiske.
3:12 of 1st period - Stopped by Sergei Bobrovsky without a rebound.
3:13 of 1st period - Evgeny Grachev wins face-off versus Brett Sutter in Atomiques zone.
3:14 of 1st period - Snap shot by Martins Karsums.
3:14 of 1st period - Deflect By Robbie Earl.
3:14 of 1st period - Stopped by Sergei Bobrovsky with a rebound.
3:16 of 1st period - Slapshot by Carl Gunnarsson.
3:16 of 1st period - Deflect By Andrew Kozek.
3:16 of 1st period - Stopped by Sergei Bobrovsky without a rebound.
3:17 of 1st period - Brett Sutter wins face-off versus Evgeny Grachev in Atomiques zone.
3:57 of 1st period - Minor Penalty to Shawn Belle for Slashing.
3:58 of 1st period - Ryan Carter wins face-off versus Branko Radivojevic in Atomiques zone.
5:09 of 1st period - Roman Polak is hit by Robbie Earl and loses puck.
5:57 of 1st period - Penalty to Shawn Belle is over, Shawn Belle is back on ice.
6:06 of 1st period - Snap shot by Kenndal McArdle.
6:06 of 1st period - Shot Misses the Net.
6:34 of 1st period - Snap shot by Marc-André Cliche.
6:34 of 1st period - Shot Misses the Net.
6:36 of 1st period - Slapshot by Dmitri Orlov.
6:36 of 1st period - Stopped by Thomas McCollum without a rebound.
6:37 of 1st period - Charlie Coyle wins face-off versus Dwight King in Influenza zone.
6:37 of 1st period - Charlie Coyle is hit by Alexander Sulzer.
6:52 of 1st period - Wrist shot by T.J Galiardi.
6:52 of 1st period - Shot Misses the Net.
7:04 of 1st period - Matt Corrente is hit by Shawn Belle and loses puck.
7:25 of 1st period - Dmitri Orlov is hit by Oskars Bartulis and loses puck.
7:32 of 1st period - Tim Erixon is hit by Bobby Farnham.
7:42 of 1st period - Snap shot by Branko Radivojevic.
7:42 of 1st period - Stopped by Thomas McCollum without a rebound.
7:43 of 1st period - Mikael Backlund wins face-off versus Evgeny Grachev in Influenza zone.
7:44 of 1st period - Wrist shot by Branko Radivojevic.
7:44 of 1st period - Shot Misses the Net.
8:52 of 1st period - Wrist shot by Branko Radivojevic.
8:52 of 1st period - Stopped by Thomas McCollum with a rebound.
9:16 of 1st period - Wrist shot by Ryan Russell.
9:16 of 1st period - Shot Misses the Net.
9:18 of 1st period - Slapshot by Matt Corrente.
9:18 of 1st period - Deflect By Mark Scheifele.
9:18 of 1st period - Shot Blocked by Brett Sutter.
9:18 of 1st period - Puck is out of play.
9:19 of 1st period - Mikael Backlund wins face-off versus Mark Scheifele in Atomiques zone.
9:40 of 1st period - Minor Penalty to Dwight King for Interference.
9:41 of 1st period - Branko Radivojevic wins face-off versus Ryan Carter in Atomiques zone.
10:07 of 1st period - Alexander Sulzer is hit by Martins Karsums and loses puck.
10:44 of 1st period - Minor Penalty to Matt Corrente for Diving.
10:45 of 1st period - Jamie Benn wins face-off versus Tyler Brenner in Influenza zone.
11:28 of 1st period - Slapshot by Ryan Shannon.
11:28 of 1st period - Stopped by Thomas McCollum without a rebound.
11:29 of 1st period - Branko Radivojevic wins face-off versus Ryan Carter in Influenza zone.
11:40 of 1st period - Penalty to Dwight King is over, Dwight King is back on ice.
12:14 of 1st period - Jamie Benn is hit by Roman Polak and loses puck.
12:44 of 1st period - Penalty to Matt Corrente is over, Matt Corrente is back on ice.
13:08 of 1st period - Minor Penalty to Alex Berry for Hooking.
13:09 of 1st period - Ryan Carter wins face-off versus Branko Radivojevic in Atomiques zone.
13:25 of 1st period - Wrist shot by Jamie Benn.
13:25 of 1st period - Shot Misses the Net.
13:44 of 1st period - Slapshot by Martins Karsums.
13:44 of 1st period - Goal by Martins Karsums - Atomiques : 0 - Influenza : 1.
13:45 of 1st period - Ryan Carter wins face-off versus Dwight King in neutral zone.
13:54 of 1st period - Wrist shot by Mikael Backlund.
13:54 of 1st period - Stopped by Thomas McCollum with a rebound.
13:56 of 1st period - Slapshot by Davis Drewiske.
13:56 of 1st period - Deflect By Branko Radivojevic.
13:56 of 1st period - Stopped by Thomas McCollum with a rebound.
13:58 of 1st period - Wrist shot by Branko Radivojevic.
13:58 of 1st period - Stopped by Thomas McCollum with a rebound.
14:00 of 1st period - Snap shot by Branko Radivojevic.
14:00 of 1st period - Stopped by Thomas McCollum without a rebound.
14:01 of 1st period - Evgeny Grachev wins face-off versus Tyler Brenner in Influenza zone.
14:01 of 1st period - Evgeny Grachev is hit by Roman Polak.
14:09 of 1st period - Snap shot by Robbie Earl.
14:09 of 1st period - Deflect By Evgeny Grachev.
14:09 of 1st period - Shot Misses the Net.
14:09 of 1st period - Puck is out of play.
14:10 of 1st period - Tyler Brenner wins face-off versus Evgeny Grachev in Atomiques zone.
14:14 of 1st period - Minor Penalty to Robbie Earl for Hooking.
14:15 of 1st period - Mikael Backlund wins face-off versus Jamie Benn in Influenza zone.
14:48 of 1st period - Snap shot by Ryan Shannon.
14:48 of 1st period - Shot Misses the Net.
14:50 of 1st period - Wrist shot by Davis Drewiske.
14:50 of 1st period - Shot Misses the Net.
16:14 of 1st period - Penalty to Robbie Earl is over, Robbie Earl is back on ice.
16:21 of 1st period - Evgeny Grachev is hit by Brett Sutter and loses puck.
17:15 of 1st period - Evgeny Grachev is hit by Ryan Shannon.
18:46 of 1st period - Wrist shot by Mark Scheifele.
18:46 of 1st period - Shot Misses the Net.
18:56 of 1st period - Martins Karsums is hit by Marc-André Cliche and loses puck.
19:35 of 1st period - Slapshot by Brett Sutter.
19:35 of 1st period - Shot Blocked by Matt Corrente.
19:53 of 1st period - Matt Corrente is hit by Ryan Shannon and loses puck.
Goals for this period are 0 for Atomiques vs 1 for Influenza.
Shots for this period are 9 for Atomiques vs 6 for Influenza.
2nd period
0:01 of 2nd period - Ryan Carter wins face-off versus Mikael Backlund in neutral zone.
0:04 of 2nd period - Mikael Backlund is hit by Matt Corrente and loses puck.
0:09 of 2nd period - Wrist shot by Jamie Benn.
0:09 of 2nd period - Stopped by Sergei Bobrovsky without a rebound.
0:10 of 2nd period - Mikael Backlund wins face-off versus Ryan Carter in Atomiques zone.
0:10 of 2nd period - Mikael Backlund is hit by Matt Corrente.
0:36 of 2nd period - Snap shot by Ben Smith.
0:36 of 2nd period - Stopped by Sergei Bobrovsky without a rebound.
0:37 of 2nd period - Evgeny Grachev wins face-off versus Ryan Shannon in Atomiques zone.
0:38 of 2nd period - Wrist shot by Martins Karsums.
0:38 of 2nd period - Stopped by Sergei Bobrovsky with a rebound.
0:40 of 2nd period - Snap shot by Robbie Earl.
0:40 of 2nd period - Shot Blocked by Davis Drewiske.
1:10 of 2nd period - Wrist shot by Jeremy Morin.
1:10 of 2nd period - Shot Misses the Net.
1:12 of 2nd period - Slapshot by Jeff May.
1:12 of 2nd period - Shot Misses the Net.
1:14 of 2nd period - Wrist shot by Jeremy Morin.
1:14 of 2nd period - Stopped by Sergei Bobrovsky with a rebound.
1:26 of 2nd period - Wrist shot by Ryan Carter.
1:26 of 2nd period - Shot Blocked by Davis Drewiske.
1:28 of 2nd period - Wrist shot by Ryan Carter.
1:28 of 2nd period - Stopped by Sergei Bobrovsky with a rebound.
1:44 of 2nd period - Davis Drewiske is hit by Martins Karsums and loses puck.
2:27 of 2nd period - Slapshot by Branko Radivojevic.
2:27 of 2nd period - Shot Blocked by Tim Erixon.
2:39 of 2nd period - Kenndal McArdle is hit by Oskars Bartulis and loses puck.
2:44 of 2nd period - Wrist shot by Ben Smith.
2:44 of 2nd period - Stopped by Sergei Bobrovsky without a rebound.
2:45 of 2nd period - Ryan Carter wins face-off versus Mikael Backlund in Atomiques zone.
2:51 of 2nd period - Icing by Dwight King.
2:52 of 2nd period - Ryan Carter wins face-off versus Mikael Backlund in Atomiques zone.
2:55 of 2nd period - Snap shot by Jamie Benn.
2:55 of 2nd period - Stopped by Sergei Bobrovsky without a rebound.
2:56 of 2nd period - Mikael Backlund wins face-off versus Ryan Carter in Atomiques zone.
2:56 of 2nd period - Mikael Backlund is hit by Ben Smith.
3:22 of 2nd period - Evgeny Grachev is hit by Ryan Shannon and loses puck.
3:45 of 2nd period - Slapshot by Alex Berry.
3:45 of 2nd period - Shot Blocked by Jeff May.
4:10 of 2nd period - Slapshot by Branko Radivojevic.
4:10 of 2nd period - Shot Misses the Net.
4:22 of 2nd period - Snap shot by Marc-André Cliche.
4:22 of 2nd period - Shot Blocked by Carl Gunnarsson.
4:46 of 2nd period - Slapshot by Tyler Brenner.
4:46 of 2nd period - Stopped by Thomas McCollum without a rebound.
4:47 of 2nd period - Tyler Brenner wins face-off versus Evgeny Grachev in Influenza zone.
4:56 of 2nd period - Snap shot by Kenndal McArdle.
4:56 of 2nd period - Stopped by Thomas McCollum with a rebound.
4:58 of 2nd period - Slapshot by Roman Polak.
4:58 of 2nd period - Shot Hit the Post.
5:00 of 2nd period - Slapshot by Davis Drewiske.
5:00 of 2nd period - Shot Blocked by Mathieu Carle.
5:02 of 2nd period - Snap shot by Ryan Shannon.
5:02 of 2nd period - Shot Blocked by Mathieu Carle.
5:36 of 2nd period - Slapshot by Andrew Kozek.
5:36 of 2nd period - Shot Misses the Net.
5:38 of 2nd period - Wrist shot by Brett Sutter.
5:38 of 2nd period - Shot Hit the Post.
5:40 of 2nd period - Snap shot by Brett Sutter.
5:40 of 2nd period - Stopped by Thomas McCollum with a rebound.
5:52 of 2nd period - Matt Corrente is hit by Ryan Shannon and loses puck.
5:57 of 2nd period - Wrist shot by Ryan Shannon.
5:57 of 2nd period - Stopped by Thomas McCollum with a rebound.
6:07 of 2nd period - Snap shot by Jeremy Morin.
6:07 of 2nd period - Stopped by Sergei Bobrovsky with a rebound.
6:09 of 2nd period - Snap shot by Charlie Coyle.
6:09 of 2nd period - Shot Misses the Net.
6:11 of 2nd period - Slapshot by Mathieu Carle.
6:11 of 2nd period - Shot Misses the Net.
6:13 of 2nd period - Slapshot by Matt Corrente.
6:13 of 2nd period - Shot Blocked by Eric Mestery.
6:15 of 2nd period - Snap shot by Matt Corrente.
6:15 of 2nd period - Stopped by Sergei Bobrovsky with a rebound.
6:17 of 2nd period - Wrist shot by Charlie Coyle.
6:17 of 2nd period - Stopped by Sergei Bobrovsky with a rebound.
6:19 of 2nd period - Snap shot by Jeremy Morin.
6:19 of 2nd period - Stopped by Sergei Bobrovsky with a rebound.
6:21 of 2nd period - Slapshot by Matt Corrente.
6:21 of 2nd period - Shot Blocked by Dmitri Orlov.
6:23 of 2nd period - Snap shot by Jeremy Morin.
6:23 of 2nd period - Shot Hit the Post.
6:25 of 2nd period - Wrist shot by Jeremy Morin.
6:25 of 2nd period - Stopped by Sergei Bobrovsky with a rebound.
6:27 of 2nd period - Snap shot by Jeremy Morin.
6:27 of 2nd period - Influenza goal is going for a video replay.
6:27 of 2nd period - The goal is refused. The puck has been kicked using a distinct kicking motion..
6:28 of 2nd period - Mikael Backlund wins face-off versus Ryan Carter in Atomiques zone.
6:28 of 2nd period - Mikael Backlund is hit by Tim Erixon.
6:31 of 2nd period - Minor Penalty to Mikael Backlund for Hooking.
6:32 of 2nd period - Branko Radivojevic wins face-off versus Ryan Carter in Atomiques zone.
6:42 of 2nd period - Alexander Sulzer is hit by Jamie Benn and loses puck.
6:47 of 2nd period - Snap shot by Jamie Benn.
6:47 of 2nd period - Shot Misses the Net.
8:31 of 2nd period - Penalty to Mikael Backlund is over, Mikael Backlund is back on ice.
9:02 of 2nd period - Snap shot by Jeremy Morin.
9:02 of 2nd period - Deflect By Charlie Coyle.
9:02 of 2nd period - Stopped by Sergei Bobrovsky without a rebound.
9:03 of 2nd period - Mark Scheifele wins face-off versus Brett Sutter in Atomiques zone.
9:04 of 2nd period - Snap shot by Ryan Russell.
9:04 of 2nd period - Shot Misses the Net.
9:17 of 2nd period - Ryan Russell is hit by Brett Sutter and loses puck.
9:44 of 2nd period - Slapshot by Ryan Russell.
9:44 of 2nd period - Goal by Ryan Russell - Atomiques : 0 - Influenza : 2.
9:45 of 2nd period - Mikael Backlund wins face-off versus Ryan Carter in neutral zone.
10:10 of 2nd period - Tyler Brenner is hit by Mathieu Carle and loses puck.
11:05 of 2nd period - Marc-André Cliche is hit by Jamie Benn and loses puck.
11:30 of 2nd period - Evgeny Grachev is hit by Dwight King and loses puck.
11:49 of 2nd period - Snap shot by Ryan Shannon.
11:49 of 2nd period - Shot Misses the Net.
12:23 of 2nd period - Wrist shot by Marc-André Cliche.
12:23 of 2nd period - Shot Blocked by Carl Gunnarsson.
12:25 of 2nd period - Snap shot by Marc-André Cliche.
12:25 of 2nd period - Shot Misses the Net.
12:27 of 2nd period - Snap shot by Alexander Sulzer.
12:27 of 2nd period - Stopped by Thomas McCollum with a rebound.
12:29 of 2nd period - Snap shot by Marc-André Cliche.
12:29 of 2nd period - Deflect By John McCarthy.
12:29 of 2nd period - Stopped by Thomas McCollum with a rebound.
12:31 of 2nd period - Snap shot by Marc-André Cliche.
12:31 of 2nd period - Shot Blocked by Ben Smith.
12:33 of 2nd period - Slapshot by Shawn Belle.
12:33 of 2nd period - Shot Misses the Net.
12:45 of 2nd period - Wrist shot by Martins Karsums.
12:45 of 2nd period - Shot Misses the Net.
12:47 of 2nd period - Backhand shot by Jeff May.
12:47 of 2nd period - Shot Misses the Net.
12:49 of 2nd period - Snap shot by Jeff May.
12:49 of 2nd period - Stopped by Sergei Bobrovsky without a rebound.
12:50 of 2nd period - Ryan Carter wins face-off versus Tyler Brenner in Atomiques zone.
12:58 of 2nd period - Off-side.
12:59 of 2nd period - Jamie Benn wins face-off versus Tyler Brenner in neutral zone.
13:17 of 2nd period - Slapshot by Eric Mestery.
13:17 of 2nd period - Deflect By Jamie Benn.
13:17 of 2nd period - Stopped by Thomas McCollum with a rebound.
13:19 of 2nd period - Snap shot by Kenndal McArdle.
13:19 of 2nd period - Stopped by Thomas McCollum without a rebound.
13:20 of 2nd period - Mikael Backlund wins face-off versus Evgeny Grachev in Influenza zone.
13:41 of 2nd period - Double Minor Penalty to Matt Corrente for Slashing.
13:42 of 2nd period - Mikael Backlund wins face-off versus Jamie Benn in Influenza zone.
14:27 of 2nd period - Snap shot by Mikael Backlund.
14:27 of 2nd period - Stopped by Thomas McCollum with a rebound.
14:29 of 2nd period - Wrist shot by Branko Radivojevic.
14:29 of 2nd period - Stopped by Thomas McCollum without a rebound.
14:30 of 2nd period - Tyler Brenner wins face-off versus Jamie Benn in Influenza zone.
15:41 of 2nd period - Wrist shot by Mikael Backlund.
15:41 of 2nd period - Shot Misses the Net.
16:13 of 2nd period - Alex Berry is hit by Jeff May and loses puck.
16:38 of 2nd period - Ryan Russell is hit by Alexander Sulzer and loses puck.
17:41 of 2nd period - Penalty to Matt Corrente is over, Matt Corrente is back on ice.
17:58 of 2nd period - Snap shot by Matt Corrente.
17:58 of 2nd period - Goal by Matt Corrente - Atomiques : 0 - Influenza : 3.
17:59 of 2nd period - Tyler Brenner wins face-off versus Ryan Carter in neutral zone.
18:04 of 2nd period - Snap shot by Ryan Shannon.
18:04 of 2nd period - Shot Misses the Net.
18:15 of 2nd period - Slapshot by Kenndal McArdle.
18:15 of 2nd period - Deflect By Ryan Shannon.
18:15 of 2nd period - Stopped by Thomas McCollum with a rebound.
19:08 of 2nd period - Oskars Bartulis is hit by Alexander Sulzer and loses puck.
19:17 of 2nd period - Wrist shot by Ryan Russell.
19:17 of 2nd period - Shot Misses the Net.
19:29 of 2nd period - Slapshot by Alexander Sulzer.
19:29 of 2nd period - Shot Blocked by Jeff May.
19:31 of 2nd period - Slapshot by Marc-André Cliche.
19:31 of 2nd period - Stopped by Thomas McCollum without a rebound.
19:32 of 2nd period - Ryan Carter wins face-off versus Marc-André Cliche in Influenza zone.
19:39 of 2nd period - Snap shot by Matt Corrente.
19:39 of 2nd period - Deflect By Jamie Benn.
19:39 of 2nd period - Shot Blocked by Dmitri Orlov.
19:39 of 2nd period - Puck is out of play.
19:40 of 2nd period - Mikael Backlund wins face-off versus Ryan Carter in Atomiques zone.
Goals for this period are 0 for Atomiques vs 2 for Influenza.
Shots for this period are 12 for Atomiques vs 17 for Influenza.
3rd period
0:01 of 3rd period - Ryan Carter wins face-off versus Mikael Backlund in neutral zone.
0:26 of 3rd period - Ryan Shannon is hit by Matt Corrente and loses puck.
0:55 of 3rd period - Wrist shot by Ryan Shannon.
0:55 of 3rd period - Deflect By Tyler Brenner.
0:55 of 3rd period - Shot Misses the Net.
0:55 of 3rd period - Puck is out of play.
0:56 of 3rd period - Mikael Backlund wins face-off versus Corey Tropp in Influenza zone.
1:17 of 3rd period - Minor Penalty to Ryan Russell for Interference.
1:18 of 3rd period - Jamie Benn wins face-off versus Mikael Backlund in Influenza zone.
1:26 of 3rd period - Icing by Alexander Sulzer.
1:27 of 3rd period - Mikael Backlund wins face-off versus Jamie Benn in Atomiques zone.
1:34 of 3rd period - Slapshot by Alexander Sulzer.
1:34 of 3rd period - Shot Blocked by Matt Corrente.
1:34 of 3rd period - Matt Corrente from Influenza is injured at 1:34 of 3rd period (Bruised Right Arm).
1:35 of 3rd period - Jamie Benn wins face-off versus Mikael Backlund in Influenza zone.
1:48 of 3rd period - Shawn Belle is hit by Robbie Earl and loses puck.
2:11 of 3rd period - Snap shot by Ryan Shannon.
2:11 of 3rd period - Shot Misses the Net.
3:17 of 3rd period - Penalty to Ryan Russell is over, Ryan Russell is back on ice.
3:45 of 3rd period - Snap shot by Robbie Earl.
3:45 of 3rd period - Shot Blocked by Roman Polak.
3:57 of 3rd period - Wrist shot by Jeremy Morin.
3:57 of 3rd period - Stopped by Sergei Bobrovsky without a rebound.
3:58 of 3rd period - Marc-André Cliche wins face-off versus Charlie Coyle in Atomiques zone.
4:05 of 3rd period - Tim Erixon is hit by John McCarthy and loses puck.
4:14 of 3rd period - Snap shot by Marc-André Cliche.
4:14 of 3rd period - Stopped by Thomas McCollum with a rebound.
4:28 of 3rd period - Snap shot by Dwight King.
4:28 of 3rd period - Stopped by Thomas McCollum with a rebound.
4:30 of 3rd period - Slapshot by Alexander Sulzer.
4:30 of 3rd period - Deflect By Ryan Russell.
4:30 of 3rd period - Stopped by Thomas McCollum without a rebound.
4:31 of 3rd period - Mark Scheifele wins face-off versus Tyler Brenner in Influenza zone.
5:19 of 3rd period - Mark Scheifele is hit by Ryan Shannon and loses puck.
5:46 of 3rd period - Eric Mestery is hit by Ryan Russell and loses puck.
5:55 of 3rd period - Tyler Brenner is hit by Corey Tropp and loses puck.
6:16 of 3rd period - Snap shot by Ryan Shannon.
6:16 of 3rd period - Shot Misses the Net.
6:18 of 3rd period - Snap shot by Tyler Brenner.
6:18 of 3rd period - Shot Misses the Net.
6:20 of 3rd period - Snap shot by Eric Mestery.
6:20 of 3rd period - Shot Blocked by T.J Brodie.
6:30 of 3rd period - Wrist shot by Ryan Shannon.
6:30 of 3rd period - Goal by Ryan Shannon - Atomiques : 1 - Influenza : 3.
6:31 of 3rd period - Mikael Backlund wins face-off versus Ryan Carter in neutral zone.
6:57 of 3rd period - Brett Sutter is hit by Mathieu Carle and loses puck.
7:04 of 3rd period - Backhand shot by Mathieu Carle.
7:04 of 3rd period - Deflect By T.J Galiardi.
7:04 of 3rd period - Shot Blocked by Andrew Kozek.
7:04 of 3rd period - Andrew Kozek from Atomiques is injured at 7:04 of 3rd period (Right Hip).
7:05 of 3rd period - Mikael Backlund wins face-off versus Ryan Carter in Atomiques zone.
7:53 of 3rd period - Slapshot by Jeremy Morin.
7:53 of 3rd period - Shot Blocked by Shawn Belle.
7:55 of 3rd period - Wrist shot by T.J Galiardi.
7:55 of 3rd period - Stopped by Sergei Bobrovsky with a rebound.
7:57 of 3rd period - Snap shot by Charlie Coyle.
7:57 of 3rd period - Stopped by Sergei Bobrovsky with a rebound.
8:01 of 3rd period - Backhand shot by Charlie Coyle.
8:01 of 3rd period - Stopped by Sergei Bobrovsky with a rebound.
8:11 of 3rd period - Wrist shot by Mark Scheifele.
8:11 of 3rd period - Shot Misses the Net.
8:13 of 3rd period - Wrist shot by Corey Tropp.
8:13 of 3rd period - Stopped by Sergei Bobrovsky without a rebound.
8:14 of 3rd period - Mark Scheifele wins face-off versus Marc-André Cliche in Atomiques zone.
8:21 of 3rd period - Snap shot by Corey Tropp.
8:21 of 3rd period - Stopped by Sergei Bobrovsky with a rebound.
8:23 of 3rd period - Wrist shot by Corey Tropp.
8:23 of 3rd period - Shot Blocked by Davis Drewiske.
8:25 of 3rd period - Slapshot by Ryan Russell.
8:25 of 3rd period - Deflect By Corey Tropp.
8:25 of 3rd period - Shot Misses the Net.
8:25 of 3rd period - Puck is out of play.
8:26 of 3rd period - Mikael Backlund wins face-off versus Ryan Carter in Atomiques zone.
8:39 of 3rd period - Snap shot by Mikael Backlund.
8:39 of 3rd period - Stopped by Thomas McCollum without a rebound.
8:40 of 3rd period - Ryan Carter wins face-off versus Mikael Backlund in Influenza zone.
8:49 of 3rd period - Slapshot by Mathieu Carle.
8:49 of 3rd period - Stopped by Sergei Bobrovsky without a rebound.
8:50 of 3rd period - Ryan Carter wins face-off versus Mikael Backlund in Atomiques zone.
9:01 of 3rd period - Mikael Backlund is hit by Ryan Carter.
9:28 of 3rd period - Off-side.
9:29 of 3rd period - Evgeny Grachev wins face-off versus Tyler Brenner in neutral zone.
9:54 of 3rd period - Charlie Coyle is hit by Shawn Belle and loses puck.
9:59 of 3rd period - Wrist shot by Brett Sutter.
9:59 of 3rd period - Stopped by Thomas McCollum with a rebound.
10:41 of 3rd period - Evgeny Grachev is hit by Ryan Shannon and loses puck.
11:10 of 3rd period - John McCarthy is hit by Ryan Russell and loses puck.
11:25 of 3rd period - Snap shot by Ryan Shannon.
11:25 of 3rd period - Stopped by Thomas McCollum without a rebound.
11:26 of 3rd period - Ryan Carter wins face-off versus Tyler Brenner in Influenza zone.
12:19 of 3rd period - Wrist shot by Tyler Brenner.
12:19 of 3rd period - Stopped by Thomas McCollum with a rebound.
12:21 of 3rd period - Snap shot by Ryan Shannon.
12:21 of 3rd period - Shot Blocked by Jeff May.
12:23 of 3rd period - Slapshot by Eric Mestery.
12:23 of 3rd period - Shot Blocked by Jeff May.
12:34 of 3rd period - Icing by Ryan Shannon.
12:35 of 3rd period - Branko Radivojevic wins face-off versus Ryan Carter in Atomiques zone.
12:39 of 3rd period - Off-side.
12:40 of 3rd period - Ryan Carter wins face-off versus Branko Radivojevic in neutral zone.
13:21 of 3rd period - Off-side.
13:22 of 3rd period - Marc-André Cliche wins face-off versus Evgeny Grachev in neutral zone.
13:34 of 3rd period - Wrist shot by Martins Karsums.
13:34 of 3rd period - Shot Blocked by Roman Polak.
13:36 of 3rd period - Slapshot by Jeff May.
13:36 of 3rd period - Shot Misses the Net.
13:38 of 3rd period - Wrist shot by Evgeny Grachev.
13:38 of 3rd period - Goal by Evgeny Grachev - Atomiques : 1 - Influenza : 4.
13:39 of 3rd period - Ryan Carter wins face-off versus Mikael Backlund in neutral zone.
13:46 of 3rd period - Wrist shot by Ryan Carter.
13:46 of 3rd period - Shot Misses the Net.
14:27 of 3rd period - Backhand shot by T.J Galiardi.
14:27 of 3rd period - Shot Misses the Net.
14:29 of 3rd period - Snap shot by Charlie Coyle.
14:29 of 3rd period - Shot Misses the Net.
14:31 of 3rd period - Snap shot by T.J Galiardi.
14:31 of 3rd period - Stopped by Sergei Bobrovsky with a rebound.
14:33 of 3rd period - Slapshot by Tim Erixon.
14:33 of 3rd period - Stopped by Sergei Bobrovsky without a rebound.
14:34 of 3rd period - Ryan Carter wins face-off versus Tyler Brenner in Atomiques zone.
14:48 of 3rd period - Off-side.
14:49 of 3rd period - Mikael Backlund wins face-off versus Evgeny Grachev in neutral zone.
15:10 of 3rd period - Minor Penalty to Branko Radivojevic for Hooking.
15:11 of 3rd period - Ryan Carter wins face-off versus Alex Berry in Atomiques zone.
15:11 of 3rd period - Slapshot by Jamie Benn.
15:11 of 3rd period - Stopped by Sergei Bobrovsky without a rebound.
15:12 of 3rd period - Alex Berry wins face-off versus Ryan Carter in Atomiques zone.
15:12 of 3rd period - Alex Berry is hit by Mathieu Carle.
16:58 of 3rd period - Wrist shot by Dwight King.
16:58 of 3rd period - Shot Misses the Net.
17:10 of 3rd period - Penalty to Branko Radivojevic is over, Branko Radivojevic is back on ice.
17:25 of 3rd period - Snap shot by Branko Radivojevic.
17:25 of 3rd period - Shot Misses the Net.
17:43 of 3rd period - Mark Scheifele is hit by Brett Sutter and loses puck.
18:04 of 3rd period - Jeff May is hit by Brett Sutter and loses puck.
18:47 of 3rd period - Slapshot by Branko Radivojevic.
18:47 of 3rd period - Stopped by Thomas McCollum with a rebound.
18:49 of 3rd period - Snap shot by Dmitri Orlov.
18:49 of 3rd period - Shot Misses the Net.
18:51 of 3rd period - Backhand shot by Eric Mestery.
18:51 of 3rd period - Stopped by Thomas McCollum with a rebound.
19:17 of 3rd period - Wrist shot by Tyler Brenner.
19:17 of 3rd period - Stopped by Thomas McCollum with a rebound.
19:19 of 3rd period - Snap shot by Dmitri Orlov.
19:19 of 3rd period - Stopped by Thomas McCollum without a rebound.
19:20 of 3rd period - Ryan Carter wins face-off versus Marc-André Cliche in Influenza zone.
19:27 of 3rd period - Slapshot by Alexander Sulzer.
19:27 of 3rd period - Stopped by Thomas McCollum without a rebound.
19:28 of 3rd period - Ryan Carter wins face-off versus Marc-André Cliche in Influenza zone.
19:37 of 3rd period - Backhand shot by Mathieu Carle.
19:37 of 3rd period - Shot Blocked by Alexander Sulzer.
Goals for this period are 1 for Atomiques vs 1 for Influenza.
Shots for this period are 13 for Atomiques vs 11 for Influenza.
Back to the Top